 Dungeon Crawl Stone Soup version 0.31.0 (webtiles) character file.

Game seed: 8532995052929671143

4650 Esekla the Thaumaturge (level 10, -9/52 HPs)
             Began as a Deep Elf Wanderer on Jan 20, 2024.
             Was an Initiate of Ashenzari.
             Killed from afar by an acid dragon (32 damage)
             ... with a splash of acid
             ... on level 9 of the Dungeon.
             The game lasted 00:58:48 (8978 turns).

Esekla the Thaumaturge (Deep Elf Wanderer)          Turns: 8978, Time: 00:58:49

Health: -9/52      AC: 16    Str:  4    XL:     10   Next: 20%
Magic:  10/24      EV: 19    Int: 43    God:    Ashenzari [......]
Gold:   164        SH:  0    Dex: 13    Spells: 16/26 levels left

rFire   . . .        a - +1 dagger (elec)
rCold   . . .        (no shield)
rNeg    . . .        s - +2 robe {Will+}
rPois   .            (no helmet)
rElec   .            F - +2 cloak of Ashenzari's Soothsayer {Int+7, Elem, Sorc} (curse)
rCorr   .            d - +0 pair of gloves
SInv    .            f - +1 pair of boots
Will    ++...        (no amulet)
Stlth   +++          v - +6 ring of intelligence
HPRegen 0.28/turn    I - +5 ring of evasion
MPRegen 0.19/turn

%: no passive effects
@: ice-armoured, corroded
A: clever 1, inability to read after injury 1
a: Renounce Religion, Shatter the Chains


You were on level 9 of the Dungeon.
You worshipped Ashenzari.
Ashenzari was noncommittal.
You visited 2 branches of the dungeon, and saw 10 of its levels.

You collected 546 gold pieces.
You spent 382 gold pieces at shops.

Inventory:

Hand Weapons
 a - a +1 dagger of electrocution (weapon)
 c - a +0 long sword
 r - a +1 vampiric spear
 w - a +1 scimitar of holy wrath
 U - a +0 dagger of protection
Missiles
 j - 4 boomerangs
 l - 18 poisoned darts (quivered)
 q - 3 silver javelins
Armour
 d - a +0 pair of gloves (worn)
 e - a +0 buckler
 f - a +1 pair of boots (worn)
 s - a +2 robe of willpower (worn)
 F - the cursed +2 cloak of Ashenzari's Soothsayer (worn) {Int+7, Elem, Sorc}
   (You bought it in a shop on level 2 of the Dungeon)

   Int+7:     It affects your intelligence (+7).
   It has a curse which improves the following skills: Elements: Fire Magic, Ice
   Magic, Air Magic and Earth Magic.
   Sorcery:   Conjurations and Alchemy.
 J - the +0 leather armour of Uskayaw's Displeasure {Fly rF+ Int+2 Dex-4}
   (You found it on level 6 of the Dungeon)

   Int+2:     It affects your intelligence (+2).
   Dex-4:     It affects your dexterity (-4).
   rF+:       It protects you from fire.
   Fly:       It grants you flight.
Jewellery
 v - a +6 ring of intelligence (left hand)
 I - a +5 ring of evasion (right hand)
 R - a ring of positive energy
Wands
 x - a wand of flame (5)
 E - a wand of iceblast (2)
Scrolls
 b - a scroll of fear
 h - 2 scrolls of amnesia {unknown}
 t - a scroll of blinking {unknown}
 u - a scroll of fog {unknown}
 y - a scroll of butterflies {unknown}
 A - a scroll of noise {unknown}
 C - 2 scrolls of teleportation {unknown}
 G - 3 scrolls of immolation {unknown}
 H - a scroll of vulnerability {unknown}
 K - a scroll of silence {unknown}
 L - a scroll of acquirement {unknown}
 O - a scroll of poison {unknown}
 P - a scroll of enchant armour {unknown}
 Q - 2 scrolls of revelation {unknown}
 S - 5 scrolls of identify {unknown}
Potions
 g - a potion of mutation
 i - a potion of curing
 k - a potion of berserk rage {unknown}
 m - 2 potions of brilliance {unknown}
 n - 5 potions of attraction
 o - a potion of ambrosia {unknown}
 p - a potion of degeneration {unknown}
 z - a potion of experience {unknown}
 B - 2 potions of haste {unknown}
 D - 3 potions of heal wounds {unknown}
 M - a potion of enlightenment {unknown}
 N - a potion of lignification {unknown}
 T - a potion of might {unknown}


   Skills:
 + Level 1.2 Fighting
 + Level 2.7 Short Blades
 + Level 1.8 Throwing
 + Level 1.0 Armour
 * Level 5.6 Dodging
 + Level 6.2 Stealth
 * Level 3.2 Shields
 + Level 8.9 Spellcasting
 * Level 6.6(7.0) Conjurations
 * Level 5.1(5.4) Ice Magic
 * Level 5.4(5.8) Air Magic
 + Level 1.1(1.3) Earth Magic
 + Level 5.4(5.8) Alchemy


You had 16 spell levels left.
You knew the following spells:

 Your Spells              Type           Power      Damage    Failure   Level
a - Ozocubu's Armour      Ice            61%        N/A       1%          3
b - Sting                 Conj/Alch      100%       1d9       1%          1
v - Mercury Vapours       Alch/Air       100%       N/A       1%          2
x - Olgreb's Toxic Radia  Alch           63%        N/A       1%          4

Your spell library contained the following spells:

 Spells                   Type           Power      Damage    Failure   Level
 Foxfire                  Conj/Fire      100%       2x1d9     1%          1
 Sandblast                Erth           60%        2d14      1%          1
 Passwall                 Erth           30%        N/A       2%          3
 Fugue of the Fallen      Necr           19%        N/A       4%          3
 Tukima's Dance           Hex            19%        N/A       4%          3
 Yara's Violent Unravell  Hex/Alch       22%        3d10      13%         5
 Manifold Assault         Tloc           19%        N/A       16%         4
 Passage of Golubria      Tloc           19%        N/A       16%         4
 Starburst                Conj/Fire      24%        6d8       50%         6
 Plasma Beam              Fire/Air       22%        2x1d34    58%         6
 Haunt                    Necr/Summ      9%         N/A       100%        7
 Borgnjor's Revivificati  Necr           9%         N/A       100%        8
 Death's Door             Necr           9%         N/A       100%        9


Dungeon Overview and Level Annotations

Branches:
Dungeon (9/15)             Temple (1/1) D:7
   Lair: D:8-11         Orc: D:9-12

Altars:
Ashenzari
Cheibriados
Dithmenos
Elyvilon
Fedhas
Gozag
Hepliaklqana
Kikubaaqudgha
Makhleb
Nemelex Xobeh
Okawaru
Qazlal
Ru
Sif Muna
Trog
Uskayaw
Vehumet
Wu Jian
Xom
Yredelemnul
Zin
The Shining One

Shops:
D:2 [   D:5 *

Annotations:
D:4 Grinder


Innate Abilities, Weirdness & Mutations

Your mind is acute. (Int +4, Str/Dex -1)
You occasionally lose the ability to read scrolls when taking damage.


Message History

Aiming: Iceblast
Press: ? - help, Shift-Dir - straight line, f/p - Jeremiah
Aim: Jeremiah, wielding a +3 vampiric trident, wearing a +0 robe and wearing an orb of mayhem (almost dead, extremely poisoned, weak)
Okay, then.
Unknown command.
You hit the acid dragon.
The acid dragon is moderately wounded.
Jeremiah hops!
The acid dragon misses you. The acid dragon closely misses you.
Aiming: Iceblast
Press: ? - help, Shift-Dir - straight line, f/p - Jeremiah
Aim: Jeremiah, wielding a +3 vampiric trident, wearing a +0 robe and wearing an orb of mayhem (almost dead, extremely poisoned, weak)
The mass of ice explodes!
The iceblast engulfs Jeremiah!
You kill Jeremiah!
The butterfly disappears in a burst of colours! x7
The acid dragon bites you but does no damage.
The acid dragon closely misses you.
You hit the acid dragon but do no damage.
Lightning courses through the acid dragon!
The acid dragon is almost dead.
The acid dragon closely misses you. The acid dragon misses you.
You hit the acid dragon.
The acid dragon is almost dead.
The acid dragon spits acid at you. The splash of acid hits you!
The acid corrodes you!
You hit the acid dragon but do no damage.
Your punch misses the acid dragon.
The acid dragon is almost dead.
The acid dragon closely misses you.
The acid dragon claws you but does no damage.
You closely miss the acid dragon.
The acid dragon is almost dead.
You barely miss the acid dragon.
The acid dragon is almost dead.
The acid dragon completely misses you. The acid dragon misses you.
You hit the acid dragon but do no damage.
The acid dragon is almost dead.
The acid dragon spits acid at you. The splash of acid hits you!!
Ouch! That really hurt!
You die...

..... ##.........#
#....##..........#
......#..........# #.#
.........).......# #.#
.................# #.#
.................# #.#
............###### #.#
.........)..# #.#
.......).@D#########o#
..#########.....((F.F###
. .).(...y..c.#
.....######D# .### #<#
#.# #.# #.# ###


You could see an acid dragon (catching breath).

Vanquished Creatures
  A two-headed ogre (D:9)
  Jeremiah (D:9)
  A hornet (D:9)
  2 steam dragons
  3 water moccasins
  2 black bears
  An ice beast (D:6)
  2 orc warriors
  4 sky beasts
  2 centaurs
  2 ogres (D:6)
  A phantom (D:5)
  A kobold brigand (D:8)
  A gnoll sergeant (D:8)
  A bullfrog (D:5)
  2 scorpions
  4 wights (D:8)
  9 killer bees
  2 howler monkeys (D:5)
  2 bombardier beetles
  7 hounds (D:5)
  3 iguanas
  4 sleepcaps
  3 orc wizards
  4 gnolls (D:5)
  10 adders
  2 shadow imps (D:5)
  4 white imps
  2 ufetubi (D:5)
  2 dart slugs
  2 ribbon worms (D:2)
  10 orcs
  6 ball pythons
  4 bats
  8 endoplasms
  6 giant cockroaches
  3 goblins
  6 hobgoblins
  A quokka (D:1)
  2 frilled lizards (D:1)
  17 kobolds
  6 rats
156 creatures vanquished.

Notes
Turn   | Place    | Note
-------+----------+-------------------------------------------
     0 | D:1      | Esekla the Deep Elf Wanderer began the quest for the Orb.
     0 | D:1      | Esekla set off with the following items: a +0 dagger, a
                  | scroll of fear, a +0 robe, a +0 pair of gloves; and the
                  | following spells available to memorise: Sandblast, Sting,
                  | Mercury Vapours, Passwall, Olgreb's Toxic Radiance.
     0 | D:1      | Reached XP level 1. HP: 10/10 MP: 6/6
    32 | D:1      | Learned a level 1 spell: Sting
   109 | D:1      | Reached skill level 5 in Stealth
   148 | D:1      | Reached XP level 2. HP: 15/15 MP: 2/8
   315 | D:1      | Learned a level 2 spell: Mercury Vapours
   343 | D:1      | Reached skill level 1 in Conjurations
   831 | D:1      | Reached XP level 3. HP: 19/19 MP: 9/9
  1267 | D:2      | Learned a level 3 spell: Ozocubu's Armour
  1401 | D:2      | Found Fenn's Antique Armour Emporium.
  1412 | D:2      | Reached skill level 1 in Short Blades
  1727 | D:3      | Reached skill level 1 in Dodging
  1727 | D:3      | Reached skill level 1 in Air Magic
  1727 | D:3      | Reached XP level 4. HP: 24/24 MP: 7/11
  1874 | D:3      | Found a shimmering altar of Xom.
  2069 | D:3      | Found a blossoming altar of Fedhas.
  2112 | D:3      | Reached skill level 1 in Ice Magic
  2549 | D:3      | Reached XP level 5. HP: 28/28 MP: 7/12
  2561 | D:3      | Learned a level 4 spell: Olgreb's Toxic Radiance
  2628 | D:4      | Noticed Grinder
  2781 | D:4      | Noticed a black bear
  3052 | D:4      | Killed a black bear
  3053 | D:4      | Reached skill level 4 in Spellcasting
  3053 | D:4      | Reached XP level 6. HP: 32/32 MP: 1/14
  3394 | D:4      | Paralysed by Grinder for 3 turns
  3510 | D:4      | Noticed a sky beast
  3534 | D:4      | Killed a sky beast
  3682 | D:5      | Entered Level 5 of the Dungeon
  3686 | D:5      | Noticed a water moccasin
  3697 | D:4      | Gained mutation: You occasionally lose the ability to read
                  | scrolls when taking damage. [potion of mutation]
  3697 | D:4      | Gained mutation: Your mind is acute. (Int +4, Str/Dex -1)
                  | [potion of mutation]
  4135 | D:5      | Reached skill level 5 in Spellcasting
  4138 | D:5      | Reached XP level 7. HP: 24/36 MP: 1/16
  4336 | D:5      | Found a bloodstained altar of Trog.
  4336 | D:5      | Found a white marble altar of Elyvilon.
  4337 | D:5      | Found an iron altar of Okawaru.
  4515 | D:5      | Found a basalt altar of Yredelemnul.
  4547 | D:5      | Found Gucwith's Assorted Antiques.
  5050 | D:5      | Noticed a steam dragon
  5109 | D:5      | Reached skill level 6 in Spellcasting
  5212 | D:5      | Reached XP level 8. HP: 36/41 MP: 15/19
  5347 | D:2      | Bought a heavily runed cloak for 247 gold pieces
  5347 | D:2      | Identified the +2 cloak of Doomed Miracles {Int+7} (You
                  | bought it in a shop on level 2 of the Dungeon)
  5985 | D:6      | Reached skill level 1 in Shields
  6103 | D:6      | Reached skill level 7 in Spellcasting
  6301 | D:6      | Reached skill level 5 in Conjurations
  6396 | D:6      | Reached skill level 1 in Throwing
  6458 | D:6      | Reached XP level 9. HP: 40/46 MP: 2/21
  6798 | D:6      | Identified the +0 leather armour of Uskayaw's Displeasure
                  | {Fly rF+ Int+2 Dex-4}
  7115 | D:7      | Found a staircase to the Ecumenical Temple.
  7125 | Temple   | Entered the Ecumenical Temple
  7175 | Temple   | Became a worshipper of Ashenzari the Shackled
  7885 | D:5      | Bought a scroll labelled VUAKONN YGRUCW for 23 gold pieces
  7885 | D:5      | Bought a scroll labelled XIOGGI TOXOSU for 23 gold pieces
  7885 | D:5      | Bought a scroll labelled ITEBLU XIESTREMN for 23 gold
                  | pieces
  7885 | D:5      | Bought a scroll labelled OMAEZX YFERE for 23 gold pieces
  7885 | D:5      | Bought a scroll labelled TEHESHR SUGUI for 23 gold pieces
  7885 | D:5      | Bought an emerald potion for 20 gold pieces
  8207 | D:8      | Reached skill level 5 in Dodging
  8207 | D:8      | Reached skill level 5 in Air Magic
  8313 | D:8      | Reached skill level 8 in Spellcasting
  8468 | D:8      | Reached skill level 5 in Alchemy
  8477 | D:8      | Reached skill level 1 in Fighting
  8708 | D:9      | Noticed a two-headed ogre
  8713 | D:9      | Noticed Jeremiah
  8717 | D:9      | Killed a two-headed ogre
  8718 | D:9      | Reached skill level 5 in Ice Magic
  8718 | D:9      | Reached XP level 10. HP: 44/52 MP: 9/24
  8972 | D:9      | Killed Jeremiah
  8978 | D:9      | Killed from afar by an acid dragon

Illustrated notes

Levels and vault maps discovered:
D:1:      dpeg_arrival_rooms_b, layout_basic, minmay_split_cup_large
D:2:      layout_rooms, serial_curves, eino_curves_02, eino_curves_01,
          serial_shops, nicolae_square_shop, patterned_corridor
D:3:      layout_basic, xom_teletrap_fun, fedhas_altar_4
D:4:      layout_gridville, uniq_grinder
D:5:      layout_rooms, kennysheep_mini, gammafunk_temple_overflow_forgotten,
          serial_shops, nicolae_shop_statue_plus, nzn_random_ring
D:6:      layout_cave_pods
D:7:      layout_loops_cross, minmay_temple_entry_gardened_gates
D:8:      layout_rooms, serial_library, serial_library_hellmonk_angled_corner,
          serial_library_hellmonk_recessed_alcove,
          serial_library_hellmonk_semicircle, serial_library_hellmonk_room_c,
          serial_library_hellmonk_semicircle,
          serial_library_hellmonk_small_corner, st_stairs_6
D:9:      layout_basic, uniq_jeremiah
Temple:   kb_temple_of_zot

Skill      XL: |  1  2  3  4  5  6  7  8  9 10 |
---------------+-------------------------------+-----
Stealth        | 5 6 |  6.2
Conjurations   | 1 2 4 5 6 |  6.6
Short Blades   | 1 2 |  2.7
Dodging        | 1 2 3 4 5 |  5.6
Air Magic      | 1 2 3 4 5 |  5.4
Ice Magic      | 1 2 3 5 |  5.1
Spellcasting   | 4 5 6 7 8 |  8.9
Alchemy        | 3 5 |  5.4
Shields        | 1 2 3 |  3.2
Throwing       | 1 |  1.8
Fighting       | 1 |  1.2
Armour         | |  1.0
Earth Magic    | |  1.1

Action                     |  1- 3 |  4- 6 |  7- 9 | 10-12 || total
---------------------------+-------+-------+-------+-------++-------
  Melee: Dagger            |    57 |    99 |   224 |    21 ||   401
         Punch             |     2 |     2 |     2 |     1 ||     7
  Throw: Boomerang         |       |     5 |    33 |       ||    38
         Dart              |       |     2 |     5 |     1 ||     8
   Cast: Sting             |    21 |     1 |    12 |       ||    34
         Mercury Vapours   |    26 |    41 |    42 |     6 ||   115
         Ozocubu's Armour  |       |     7 |    36 |     1 ||    44
         Olgreb's Toxic Ra |       |       |    17 |     4 ||    21
 Invoke: Curse Item        |       |       |     1 |       ||     1
  Evoke: Wand              |       |       |     2 |     4 ||     6
    Use: Potion            |       |     4 |     1 |       ||     5
         Scroll            |       |     3 |       |       ||     3
   Stab: Sleeping          |     8 |     5 |     7 |       ||    20
         Distracted        |     1 |       |       |       ||     1
 Armour: Robe              |    39 |    83 |    92 |    18 ||   232
  Dodge: Dodged            |    32 |    88 |   216 |    37 ||   373
